 Dungeon Crawl Stone Soup version 0.29-a0-817-g9904bce7a6 (webtiles) character file.

Game seed: 5591818159720075608

1516 kevlar127 the Ruffian (level 8, -13/83 HPs)
             Began as a Troll Berserker on July 5, 2022.
             Was a Priest of Trog.
             Engulfed by a cloud of flame (25 damage)
             ... on level 5 of the Dungeon.
             The game lasted 00:14:26 (5458 turns).

kevlar127 the Ruffian (Troll Berserker)             Turns: 5458, Time: 00:14:27

Health: -13/83     AC:  5    Str: 28    XL:     8   Next: 53%
Magic:  7/7        EV: 10    Int:  3    God:    Trog [***...]
Gold:   385        SH:  0    Dex:  9    Spells: 7/7 levels left

rFire   . . .      SeeInvis +     - Unarmed
rCold   + . .      Faith    .   (no shield)
rNeg    . . .      Spirit   .   r - +1 robe "Tangogot" {rC+ rCorr}
rPois   +          Reflect  .   (helmet restricted)
rElec   .          Harm     .   (no cloak)
rCorr   +          Rampage  .   (gloves unavailable)
Will    .....                   (boots unavailable)
Stlth   +.........              (no amulet)
HPRegen 1.03/turn               g - ring of see invisible
MPRegen 0.10/turn               x - ring of poison resistance

@: no status effects
A: large, unfitting armour, claws 3, regeneration 1, shaggy fur 1, tough skin 1
a: Renounce Religion, Berserk, Trog's Hand


You were on level 5 of the Dungeon.
You worshipped Trog.
Trog was most pleased with you.
You visited 1 branch of the dungeon, and saw 5 of its levels.

You collected 385 gold pieces.

Inventory:

Missiles
 c - a throwing net
 t - 9 poisoned darts
 v - 25 stones (quivered)
 w - 5 datura-tipped darts
Armour
 r - the +1 robe "Tangogot" (worn) {rC+ rCorr}
   (You found it on level 3 of the Dungeon)

   rC:        It protects you from cold.
   rCorr:     It protects you from acid and corrosion.
Jewellery
 g - a ring of see invisible (left claw)
 j - a ring of resist corrosion
 x - a ring of poison resistance (right claw)
Wands
 a - a wand of paralysis (15)
 o - a wand of flame (43)
Scrolls
 b - a scroll of vulnerability {unknown}
 d - 4 scrolls of identify {unknown}
 e - a scroll of poison {unknown}
 h - 2 scrolls of teleportation {unknown}
 k - a scroll of summoning {unknown}
 l - 2 scrolls of fog {unknown}
 n - a scroll of fear {unknown}
 p - 3 scrolls of amnesia {unknown}
Potions
 f - 3 potions of berserk rage {unknown}
 i - 2 potions of curing {unknown}
 m - a potion of experience {unknown}
 q - a potion of magic {unknown}
 s - 2 potions of cancellation {unknown}


   Skills:
 + Level 5.9 Fighting
 + Level 4.3 Throwing
 - Level 3.1 Dodging
 + Level 7.1 Unarmed Combat


You had 7 spell levels left.
You didn't know any spells.
Your spell library was empty.

Dungeon Overview and Level Annotations

Branches:
Dungeon (5/15)
 Temple: D:4-7

Altars:
Gozag
Makhleb
Sif Muna
Trog
The Shining One

Shops:
D:1 =   D:3 (   D:5 *


Innate Abilities, Weirdness & Mutations

You are too large for most types of armour.
You have claws for hands.
Your natural rate of healing is unusually fast.
You are covered in fur. (AC +1)
You have tough skin. (AC +1)


Message History

[Y]es or [N]o only, please.
Really walk into a travel-excluded area? [Y]es or [N]o only, please.
Really walk into a travel-excluded area?
Okay, then.
Search for what [Enter for "armor", or ? for help]?
Okay, then.
Press: ? - help, v - describe, . - travel, g - get item
Items here: a +0 flail; 15 gold pieces.
The floor.
Really walk into a travel-excluded area? [Y]es or [N]o only, please.
Really walk into a travel-excluded area? [Y]es or [N]o only, please.
Really walk into a travel-excluded area?
Okay, then.
Really walk into a travel-excluded area?
Really walk into that cloud of flame? [Y]es or [N]o only, please.
Really walk into that cloud of flame? [Y]es or [N]o only, please.
Really walk into that cloud of flame? [Y]es or [N]o only, please.
Really walk into that cloud of flame?
Okay, then.
Really walk into that cloud of flame? [Y]es or [N]o only, please.
Really walk into that cloud of flame?
You are engulfed in blazing flames.
Really walk into that cloud of flame? [Y]es or [N]o only, please.
Really walk into that cloud of flame? [Y]es or [N]o only, please.
Really walk into that cloud of flame?
You are engulfed in blazing flames.
* * * LOW HITPOINT WARNING * * *
Things that are here:
a +0 flail; 15 gold pieces You are engulfed in blazing flames.
You die...

............##.##.....##
####.......###.#####...# #
###...#.##))# #○§§#
#.........# #§☼§# #
#.........# #☼§○# ##
#.......#.#####...###### .#
##......)..○§§..)..§°§.#
.######....).#..○☼§.....○☼○.#
......#......#..@☼§.....§§☼.#
...#.....#.[...#####...######
...#....##.....# #☼§§#
####...####....# #☼§○#
#####.##....# #§○°#
#........## #...# #......#..#
##### #....###.## #.....#...#


There were no monsters in sight!

Vanquished Creatures
  Pikel (D:5)
  An ice beast (D:5)
  An ogre (D:5)
  A centaur (D:5)
  2 phantoms
  The ghost of valliere the Conjurer, an amateur DECj (D:3)
  2 scorpions
  A howler monkey (D:3)
  2 hounds (D:5)
  2 jellies
  Ijyb (D:5)
  3 iguanas
  2 orc wizards
  4 gnolls
  4 adders
  A dart slug (D:1)
  12 orcs
  10 endoplasms
  6 giant cockroaches
  6 goblins
  7 hobgoblins
  9 jackals
  2 quokkas
  5 ball pythons
  2 bats (D:2)
  A frilled lizard (D:2)
  11 kobolds
  11 rats
111 creatures vanquished.

Vanquished Creatures (collateral kills)
  2 gnolls (D:4)
2 creatures vanquished.

Grand Total: 113 creatures vanquished

Notes
Turn   | Place    | Note
-------+----------+-------------------------------------------
     0 | D:1      | kevlar127 the Troll Berserker began the quest for the Orb.
     0 | D:1      | Reached XP level 1. HP: 22/22 MP: 0/0
   135 | D:1      | Found Nayfrodd's Jewellery Emporium.
   138 | D:1      | Reached XP level 2. HP: 29/29 MP: 1/1
   442 | D:1      | Found a faded altar of an unknown god.
   561 | D:1      | Reached XP level 3. HP: 36/36 MP: 2/2
   991 | D:2      | Reached ** piety under Trog
  1269 | D:2      | Reached XP level 4. HP: 29/45 MP: 3/3
  1677 | D:3      | Found a bloodstained altar of Trog.
  1856 | D:3      | Noticed valliere's ghost (amateur DECj)
  2081 | D:3      | Found a runed translucent door.
  2198 | D:3      | Reached skill level 4 in Unarmed Combat
  2261 | D:3      | Found a shimmering blue altar of Sif Muna.
  2281 | D:3      | Identified the +1 robe "Tangogot" {rC+ rCorr}
  2537 | D:3      | Found Fayng's Weapon Shop.
  2731 | D:3      | Reached XP level 5. HP: 44/53 MP: 4/4
  2938 | D:3      | Killed valliere's ghost
  3536 | D:4      | Reached XP level 6. HP: 62/62 MP: 5/5
  3539 | D:4      | Reached skill level 5 in Unarmed Combat
  3558 | D:4      | Reached *** piety under Trog
  3775 | D:4      | Reached skill level 1 in Throwing
  3850 | D:4      | Found an opulent altar of Gozag.
  4304 | D:5      | Entered Level 5 of the Dungeon
  4309 | D:5      | Reached XP level 7. HP: 70/71 MP: 6/6
  4360 | D:5      | Found Nuinuvac's General Store.
  4489 | D:5      | Reached skill level 6 in Unarmed Combat
  4490 | D:5      | Reached skill level 5 in Fighting
  4601 | D:5      | Noticed Pikel
  4603 | D:5      | Noticed Ijyb
  4610 | D:5      | Killed Pikel
  4611 | D:5      | Reached XP level 8. HP: 61/83 MP: 7/7
  4614 | D:5      | Killed Ijyb
  4691 | D:5      | Reached skill level 7 in Unarmed Combat
  4729 | D:5      | Found a glowing golden altar of the Shining One.
  4834 | D:5      | Found a burning altar of Makhleb.
  5458 | D:5      | Engulfed by a cloud of flame

Illustrated notes

Levels and vault maps discovered:
D:1:      erik_arrival_blinker_ship, layout_loops_ring,
          ebering_ecumenical_altar_box, serial_shops, nicolae_diamond_shop,
          chequers_serial_rivers_large_a, reono_crystal_passage
D:2:      layout_loops_corners
D:3:      layout_loops_ring, mainiacjoe_overflow_paths,
          mainiacjoe_overflow_surrounded_room, hellmonk_ghost_happy_afterlife,
          serial_co_window_serial, co_window_of_opportunity_a,
          co_window_corner_a, co_window_corner_a, co_window_paths_b,
          co_window_corner_a, co_window_corner_ca, co_window_unsneaky_path_a,
          co_window_2corner, co_window_corner_b, co_window_cross_2,
          co_window_corner_ca, co_window_corner_ca, co_window_paths_e,
          glass_columns_b, glass_columns_c, serial_shops,
          nicolae_shop_bloodbath_and_beyond, guppyfry_early_orc_mine
D:4:      layout_layer_cave, nicolae_gozag_cash_rules_everything_around_me
D:5:      layout_cave_pools, kennysheep_mini_moat, general_overflow_altar,
          serial_shops, shop_fountains, lemuel_flame_loot_1, uniq_pikel,
          uniq_ijyb

Skill      XL: |  1  2  3  4  5  6  7  8 |
---------------+-------------------------+-----
Dodging        | 3 |  3.1
Fighting       | 3 4 5 |  5.9
Unarmed Combat | 4 5 6 7 |  7.1
Throwing       | 1 3 4 |  4.3

Action                   |  1- 3 |  4- 6 |  7- 9 || total
-------------------------+-------+-------+-------++-------
Melee: Unarmed           |   116 |   112 |    71 ||   299
       Punch             |     3 |     1 |     1 ||     5
Throw: Dart              |       |     1 |       ||     1
       Stone             |       |       |    26 ||    26
Invok: Trog's Hand       |       |     2 |       ||     2
       Berserk           |       |     1 |       ||     1
Armor: Animal skin       |    35 |    16 |       ||    51
       Robe              |       |    16 |    20 ||    36
Dodge: Dodged            |    67 |    54 |    33 ||   154

Table legend: (Time is in decaauts)
 A = Elapsed time spent in this place.
 B = Non-inter-level travel time spent in this place.
 C = Inter-level travel time spent in this place.
 D = Time resting spent in this place.
 E = Time spent auto-exploring this place.
 F = Levels seen in this place.
 G = Mean time per level.
                   A        B        C        D        E       F      G
               +--------+--------+--------+--------+--------+-----+--------+
         Total |   5462 |   5124 |    338 |    346 |   3946 |   5 | 1092.4 |
       Dungeon |   5462 |   5124 |    338 |    346 |   3946 |   5 | 1092.4 |
               +--------+--------+--------+--------+--------+-----+--------+

Top non-repeatable levels by time:
     D:3: 1552 daAuts
     D:5: 1143 daAuts
     D:2: 950 daAuts
     D:1: 910 daAuts
     D:4: 904 daAuts
